AoeStats
← WMWMWMW

Yucatan

510624319Analyzed
4v4 RM · 2d ago on Oct 1, 2026· 31m 48s· 8 players
Game mode
Random Map
Map size
Large (8 player)
Population
200
Speed
Normal
Resources
Standard
Victory
Conquest
Starting age
Dark Age
Ending age
Imperial Age
RankedLock teamsTeams togetherTeam positionsShared explorationLock speedFull tech treeHidden civsTurbo modeCheats
Victory
Defeat
🇺🇾 Inca · Uruguay
1096
+10
🇺🇾 Goths · Uruguay
1050
+12
🇺🇾 Teutons · Uruguay
1017
+13
🇺🇾 Spanish · Uruguay
1007
+14
🇦🇲 Britons · Armenia
1038
-15
🇵🇪 Muisca · Peru
981
-13
🇸🇪 Mongols · Sweden
918
-11
🇺🇸 Huns · United States
910
-10
0204isaias
7:32 Loom
11:34 Feudal Age
17:38 Castle Age
16:05 Stone Mining
16:01 Double-Bit Axe
Nicole, Yes I'm the Queen
1:07 Loom
13:49 Feudal Age
15:29 Wheelbarrow
14:39 Town Watch
20:28 Castle Age
18:26 Stone Mining
18:46 Double-Bit Axe
18:45 Horse Collar
24:07 Fletching
25:38 Gold Mining
WMWMWMW
10:28 Feudal Age
13:02 Double-Bit Axe
13:29 Loom
16:08 Castle Age
15:43 Wheelbarrow
16:38 Horse Collar
19:18 Wheelbarrow
21:07 Bloodlines
22:18 Scale Barding Armor
23:30 Hand Cart
24:18 Town Watch
25:06 Fletching
28:26 Ballistics
31:33 Chain Barding Armor
31:10 Bodkin Arrow
g.mag
8:53 Loom
11:21 Feudal Age
16:52 Castle Age
22:38 Fletching
29:18 Crossbowman
Ticotico
8:36 Loom
11:26 Feudal Age
18:49 Castle Age
18:31 Bloodlines
19:06 Forging
19:01 Scale Barding Armor
19:56 Double-Bit Axe
25:35 Wheelbarrow
26:59 Hand Cart
29:28 Bow Saw
29:01 Horse Collar
29:16 Fletching
29:26 Padded Archer Armor
30:02 Iron Casting
29:47 Chain Barding Armor
34:33 Imperial Age
El Profesor X
7:59 Loom
10:21 Feudal Age
11:53 Double-Bit Axe
12:42 Champi Runner
17:43 Arson
18:57 Scale Mail Armor
19:07 Forging
21:10 Castle Age
22:17 Bow Saw
21:47 Horse Collar
22:14 Champi Warrior
24:40 Gold Mining
24:40 Stone Mining
24:39 Horse Collar
27:48 Wheelbarrow
29:18 Hand Cart
29:07 Squires
29:14 Heavy Plow
29:45 Chain Mail Armor
32:34 Iron Casting
juanigna_11
5:52 Loom
11:14 Feudal Age
11:17 Man-at-Arms
11:51 Double-Bit Axe
18:48 Castle Age
18:54 Scale Mail Armor
20:17 Long Swordsman
Chacal
4:39 Loom
11:40 Feudal Age
18:35 Castle Age
22:05 Bloodlines
22:06 Scale Barding Armor
22:55 Forging
27:52 Horse Collar
29:01 Chain Barding Armor
29:18 Iron Casting
30:01 Wheelbarrow
30:43 Heavy Plow
32:10 Hand Cart
Connection lost

Rejoining the realm…

Still unreachable

The connection could not be restored.

Session expired

The server has moved on; the page needs a fresh start.